 Dungeon Crawl Stone Soup version 0.27-a0-686-gaed091b46b (webtiles) character file.

Game seed: 154480082458273331

99892 ReteAZ the Frost Mage (level 15, -17/115 HPs)
             Began as a Demonspawn Ice Elementalist on Mar 21, 2021.
             Was a High Priest of Ru.
             Killed from afar by an ogre mage (23 damage)
             ... with a bolt of magma
             ... on level 15 of the Dungeon.
             The game lasted 01:09:57 (33081 turns).

ReteAZ the Frost Mage (DsIE)                       Turns: 33081, Time: 01:09:57

Health: -17/115    AC: 15    Str:  8    XL:     15   Next: 79%
Magic:  0/31       EV: 15    Int: 23    God:    Ru [*****.]
Gold:   2304       SH: 14    Dex: 14    Spells: 24/38 levels left

rFire    . . .     SeeInvis .   f - +3 dagger (pain)
rCold    . . .     Faith    .   Y - +1 buckler {AC+3}
rNeg     . . .     Spirit   +   O - +2 robe {Will+}
rPois    .         Reflect  .   v - +0 helmet
rElec    .         Harm     .   D - +1 cloak
rCorr    .         Rampage  .   (no gloves)
Will     +++..                  R - +0 pair of boots {Fly}
Stlth    ..........             g - amulet of guardian spirit
HPRegen  0.29/turn              A - +4 ring of protection
MPRegen  0.22/turn              B - ring of willpower

@: unable to drink, flying
A: no potions, talons 1, large bone plates 3, icemail 1, inability to drink
while threatened, no stealth, inability to use devices, hated by all,
condensation shield, demonic magic 2
a: Stop Flying, Renounce Religion, Draw Out Power, Power Leap, Apocalypse


You were on level 15 of the Dungeon.
You worshipped Ru.
Ru was extremely pleased with you.
You visited 3 branches of the dungeon, and saw 22 of its levels.

You collected 2817 gold pieces.
You spent 513 gold pieces at shops.

Inventory:

Hand Weapons
 f - a +3 dagger of pain (weapon)
 n - a +2 short sword of speed
 o - a +2 vorpal broad axe
 y - a +2 broad axe of venom
 C - a +1 vorpal long sword
 J - a +1 trident of pain
 V - a +2 dagger of flaming
Missiles
 Q - a throwing net
Armour
 j - a +2 robe of cold resistance
 v - a +0 helmet (worn)
 D - a +1 cloak (worn)
 H - a +2 troll leather armour {Snorg}
 O - a +2 robe of willpower (worn)
 R - a +0 pair of boots of flying (worn)
 Y - a +1 buckler of protection (worn)
Jewellery
 g - an amulet of guardian spirit (around neck)
 k - a ring of protection from fire
 p - a ring of ice
 q - a ring of resist corrosion
 A - a +4 ring of protection (right hand)
 B - a ring of willpower (left hand)
Scrolls
 c - 2 scrolls of vulnerability
 e - 4 scrolls of teleportation
 h - 4 scrolls of amnesia
 i - 7 scrolls of enchant armour
 r - 4 scrolls of identify
 s - a scroll of holy word
 u - 2 scrolls of enchant weapon
 E - a scroll of summoning {unknown}
 F - 3 scrolls of magic mapping
 K - a scroll of brand weapon {unknown}
 M - a scroll of acquirement {unknown}
 X - a scroll of immolation {unknown}
Potions
 a - 2 potions of haste
 b - a potion of invisibility
 d - 6 potions of lignification
 l - 2 potions of magic
 m - 3 potions of attraction
 t - 4 potions of brilliance
 w - 4 potions of heal wounds
 x - 3 potions of ambrosia {unknown}
 z - 3 potions of cancellation
 G - 2 potions of berserk rage
 I - 3 potions of curing
 N - 5 potions of mutation
 S - 3 potions of might


   Skills:
 - Level 10.0 Fighting
 - Level 10.0 Short Blades
 - Level 8.0 Dodging
 - Level 4.0 Shields
 - Level 12.0 Spellcasting
 + Level 10.1 Conjurations
 - Level 12.0 Necromancy
 - Level 12.0 Ice Magic


You had 24 spell levels left.
You knew the following spells:

 Your Spells              Type           Power      Damage    Failure   Level
a - Freeze                Ice            100%       1d11      1%          1
b - Frozen Ramparts       Ice            100%       1d12      1%          3
c - Ozocubu's Armour      Ice            62%        N/A       1%          3
d - Orb of Destruction    Conj           28%        9d11      52%         7

Your spell library contained the following spells:

 Spells                   Type           Power      Damage    Failure   Level
 Ensorcelled Hibernation  Hex/Ice        82%        N/A       1%          2
 Dazzling Flash           Conj/Hex       74%        N/A       1%          3
 Hailstorm                Conj/Ice       59%        3d13      1%          4
 Iskenderun's Battlesphe  Conj           57%        2d11      1%          5
 Mephitic Cloud           Conj/Pois/Air  29%        N/A       3%          3
 Ice Form                 Ice/Tmut       41%        N/A       3%          4
 Beastly Appendage        Tmut           26%        N/A       4%          1
 Corona                   Hex            14%        N/A       4%          1
 Sting                    Tmut/Pois      52%        1d5       4%          1
 Poisonous Vapours        Pois/Air       26%        N/A       7%          2
 Wereblood                Tmut           13%        N/A       7%          2
 Confusing Touch          Hex            13%        N/A       14%         3
 Gell's Gravitas          Tloc           6%         N/A       14%         3
 Ignite Poison            Fire/Tmut/Pois 13%        N/A       14%         3
 Portal Projectile        Hex/Tloc       26%        N/A       14%         3
 Spider Form              Tmut/Pois      6%         N/A       14%         3
 Bolt of Magma            Conj/Fire/Erth 14%        4d8       32%         5
 Manifold Assault         Tloc           13%        N/A       41%         4
 Olgreb's Toxic Radiance  Pois           13%        N/A       41%         4
 Passage of Golubria      Tloc           N/A        N/A       41%         4
 Iron Shot                Conj/Erth      18%        9d4       65%         6
 Blade Hands              Tmut           6%         N/A       77%         5
 Dispersal                Tloc           6%         N/A       100%        6
 Disjunction              Tloc           6%         N/A       100%        8
 Summon Ice Beast         Ice/Summ       Unusable   N/A       N/A         4
 Tukima's Dance           Hex            Unusable   N/A       N/A         3
 Spellforged Servitor     Conj/Summ      Unusable   N/A       N/A         7

Dungeon Overview and Level Annotations

Branches:
Dungeon (15/15)            Temple (0/1) D:6            Lair (5/6) D:10
  Swamp (0/4) Lair:4        Snake (0/4) Lair:4          Orc (2/2) D:9
    Elf (0/3) Orc:2        Depths (0/5) D:15
  Slime: Lair:5-6    Vaults: D:13-14

Altars:
Elyvilon
Kikubaaqudgha
Makhleb
Okawaru
Ru
Sif Muna
Trog
Wu Jian
Xom
Zin
The Shining One
Beogh

Shops:
D:1 *   D:8 [   D:10 *!=(   D:12 :   D:13 =   Orc:2 (*:*=

Annotations:
D:7 2 transporters, celly00's ghost, novice TrFi
D:14 1 exclusion
Lair:1 Gastronok


Innate Abilities, Weirdness & Mutations

You cannot drink.
You have sharp toenails.
You are completely covered in large bone plates. (SH +8)
A meltable icy envelope protects you from harm. (AC +0)
You cannot drink potions while threatened.
You cannot be stealthy.
You cannot study or use magical devices.
You are hated by all.
A meltable shield of frost defends you. (SH +0)
Spells you cast may paralyse nearby enemies.


Message History

Malevolent energies surge around you.
The basilisk suddenly stops moving!
The two-headed ogre is stunned by your conviction and fails to attack.
Something completely misses you.
The helpless basilisk fails to defend itself.
You impale the basilisk!!
The basilisk writhes in agony.
The basilisk is almost dead.
The two-headed ogre hits you with a +0 giant club!!
* * * LOW HITPOINT WARNING * * *
You block the two-headed ogre's attack.
Okay, then.
Unknown command.
The helpless basilisk fails to defend itself.
You impale the basilisk!!
You kill the basilisk!
Something hits you.
* * * LOW HITPOINT WARNING * * *
Your Conjurations skill increases to level 10!
Casting: Freeze (safe; 1% risk of failure)
Confirm with . or Enter, or press ? or * to list all spells.
You don't have enough magic to cast this spell.
Unknown command.
Unknown command.
You cannot drink potions in your current state!
Unknown command.
Okay, then.
Unknown command.
You cannot evoke magical items.
Unknown command.
Unknown command.
Unknown command.
You hit the two-headed ogre.
The two-headed ogre writhes in agony.
The two-headed ogre is almost dead.
The two-headed ogre misses you. You block the two-headed ogre's attack.
You hit the two-headed ogre.
The two-headed ogre writhes in agony!
You kill the two-headed ogre!
Something barely misses you.
You hear some strange, mumbled words.
A bolt of magma appears from out of thin air!
The bolt of magma hits you!!
You die...

≈≈≈≈≈≈≈≈≈≈≈≈≈** #..............
,≈,≈≈,,******* #........######
,,,,,,,,,,,,* ####.#.....##
,,,*,,,***,,* #...###...##
,,,,,,,,,*,**
##....######****** ,,,,*****,,*
#......###***,,,,** ,,,** **,**
#..........,,,,,,,, ,,,*
*,,**#.)....####*,,,,,** *,,*
**,,,##@....# ******* **,**
*,,#..){...#* **** *,,*
**...........#***,,**
*********#..............,,,,,*
,,,*,,,,,.............##**,,,**
*,,*,,,,,.............# **,,,*
,*,#..,**.............# *,,,*
.,.#..***.............# **,,*
.#....#*,,.,.Ou.,,,,,,* *,**


There were no monsters in sight!

Vanquished Creatures
  An orc warlord (Orc:1)
  An ettin (D:11)
  Snorg (D:12)
  Fannar (D:11)
  2 boulder beetles (D:15)
  12 hydras
  2 ogre magi (D:15)
  A death knight (D:14)
  A catoblepas (D:11)
  A tengu warrior (D:14)
  A queen ant (Lair:3)
  6 death yaks
  9 two-headed ogres
  Nergalle (D:11)
  A hell knight (D:11)
  2 deep trolls
  4 unseen horrors
  A wizard (D:14)
  A deep elf pyromancer (D:15)
  2 lindwurms
  9 orc knights
  17 ugly things
  2 orc sorcerers
  3 manticores
  4 cyclopes
  17 elephants
  A black mamba (Lair:5)
  Maurice (Orc:1)
  2 gargoyles
  5 rime drakes
  10 cane toads
  3 kobold demonologists
  13 komodo dragons
  2 efreet
  A komodo dragon (shapeshifter) (D:11)
  2 yaktaurs (D:15)
  A queen bee (Lair:3)
  5 polar bears
  3 meliai
  4 hornets (Lair:5)
  5 trolls
  A meliai zombie (D:15)
  8 slime creatures
  8 blink frogs
  3 wyverns
  A spriggan (Lair:4)
  4 wraiths
  2 shadows
  37 yaks
  9 basilisks
  Grum (D:10)
  6 steam dragons
  7 wargs (Orc:2)
  2 nagas (Lair:4)
  10 soldier ants
  13 water moccasins
  A swamp worm (Lair:4)
  3 acid dragons
  A floating eye (shapeshifter) (D:15)
  57 orc warriors
  2 hornet zombies
  9 sky beasts
  A necrophage (D:9)
  12 ogres
  35 wolves
  3 black bears
  2 centaurs
  4 phantoms
  A kobold brigand (D:11)
  Blork the orc (D:4)
  22 bullfrogs
  A wyvern zombie (D:11)
  2 wyvern skeletons
  A water moccasin skeleton (D:4)
  4 scorpions
  9 wights
  36 killer bees
  2 electric eels (D:9)
  5 howler monkeys
  A quasit (D:10)
  2 bullfrog zombies
  4 centaur zombies
  28 orc priests
  2 bullfrog skeletons
  7 hounds
  4 iguanas
  A jelly (D:14)
  A centaur skeleton (D:4)
  Crazy Yiuf (D:3)
  A hell rat (Lair:3)
  26 worker ants
  32 orc wizards
  A hound zombie (D:11)
  A hound skeleton (D:7)
  2 worker ant zombies (D:11)
  A howler monkey skeleton (D:4)
  A river rat (Lair:3)
  18 adders
  2 shadow imps
  3 white imps
  An ufetubus (D:9)
  2 adder skeletons
  4 worms
  3 dart slugs (D:1)
  10 leopard geckos
  132 orcs
  5 giant cockroaches
  13 hobgoblins
  8 jackals
  9 quokkas
  A ball python (D:4)
  13 bats
  7 frilled lizards
  5 goblins
  16 kobolds
  A leopard gecko zombie (D:7)
  A quokka skeleton (D:9)
  A quokka zombie (D:7)
  5 rats
863 creatures vanquished.

Vanquished Creatures (others)
  A shadow (D:15)
  A basilisk (D:11)
  A killer bee (Lair:3)
  A goblin (D:7)
  A bush (Lair:2)
  42 fungi
  117 plants
164 creatures vanquished.

Grand Total: 1027 creatures vanquished

Notes
Turn   | Place    | Note
-------+----------+-------------------------------------------
     0 | D:1      | ReteAZ the Demonspawn Ice Elementalist began the quest for
                  | the Orb.
     0 | D:1      | Reached XP level 1. HP: 13/13 MP: 3/3
   242 | D:1      | Gained mutation: Spells you cast may paralyse adjacent
                  | enemies. [demonic ancestry]
   242 | D:1      | Reached XP level 2. HP: 18/19 MP: 0/5
   755 | D:1      | Reached XP level 3. HP: 18/24 MP: 3/6
   880 | D:1      | Found Manash's Assorted Antiques.
  2079 | D:2      | Found a bloodstained altar of Trog.
  2173 | D:2      | Reached XP level 4. HP: 30/30 MP: 8/8
  2291 | D:2      | Found a sacrificial altar of Ru.
  2320 | D:2      | Became a worshipper of Ru the Awakened
  2518 | D:3      | Found a runed translucent door.
  2519 | D:3      | Noticed Crazy Yiuf
  2776 | D:3      | Reached skill level 5 in Ice Magic
  2844 | D:3      | Noticed a bullfrog
  2850 | D:3      | Killed a bullfrog
  2851 | D:3      | Gained mutation: You are partially covered in large bone
                  | plates. (SH +4) [demonic ancestry]
  2851 | D:3      | Reached XP level 5. HP: 29/35 MP: 7/9
  3038 | D:3      | Learned a level 3 spell: Frozen Ramparts
  3075 | D:3      | You fall into a shaft and drop 3 floors!
  3153 | D:6      | Found an iron altar of Okawaru.
  3352 | D:5      | Entered Level 5 of the Dungeon
  3390 | D:5      | Gained mutation: You cannot drink potions while threatened.
                  | [Ru sacrifice]
  3390 | D:5      | Reached * piety under Ru
  3455 | D:5      | Gained mutation: You have sharp toenails. [demonic
                  | ancestry]
  3455 | D:5      | Reached XP level 6. HP: 16/41 MP: 4/11
  4035 | D:5      | Reached XP level 7. HP: 30/46 MP: 6/13
  4466 | D:5      | Found a shimmering blue altar of Sif Muna.
  4852 | D:4      | Noticed Blork the orc
  4858 | D:4      | Killed Blork the orc
  4859 | D:4      | Reached skill level 5 in Spellcasting
  4955 | D:4      | Learned a level 3 spell: Ozocubu's Armour
  5199 | D:4      | Reached skill level 1 in Fighting
  5199 | D:4      | Reached XP level 8. HP: 49/54 MP: 7/15
  6016 | D:3      | Killed Crazy Yiuf
  6553 | D:6      | Found a staircase to the Ecumenical Temple.
  7247 | D:7      | Found a transporter.
  7247 | D:7      | Found a transporter.
  7247 | D:7      | Noticed celly00's ghost (novice TrFi)
  7254 | D:7      | Found a shimmering altar of Xom.
  7473 | D:7      | Found an ancient bone altar of Kikubaaqudgha.
  7731 | D:7      | Found an ornate altar of the Wu Jian Council.
  7849 | D:7      | Noticed a hornet
  7887 | D:7      | Noticed a queen bee
  7962 | D:7      | Found a bloodstained altar of Trog.
  8216 | D:8      | Reached skill level 5 in Dodging
  8216 | D:8      | Gained mutation: You are mostly covered in large bone
                  | plates. (SH +6) [demonic ancestry]
  8216 | D:8      | Reached XP level 9. HP: 67/67 MP: 13/16
  8220 | D:8      | Reached skill level 5 in Fighting
  8639 | D:8      | Found Pydghixte's Antique Armour Emporium.
  8676 | D:8      | Bought a pair of glowing boots for 157 gold pieces
  9194 | D:9      | Found a staircase to the Orcish Mines.
  9753 | D:9      | Found a sacrificial altar of Ru.
  9781 | D:9      | Noticed a green ugly thing
  9794 | D:9      | Killed a green ugly thing
 10386 | D:9      | Gained mutation: Spells you cast may paralyse nearby
                  | enemies. [demonic ancestry]
 10386 | D:9      | Reached XP level 10. HP: 42/80 MP: 14/17
 10932 | D:9      | Found a burning altar of Makhleb.
 11209 | D:10     | Entered Level 10 of the Dungeon
 11350 | D:10     | Found Avekonn's Jewellery Emporium.
 11413 | D:10     | Found a staircase to the Lair.
 11422 | D:10     | Noticed Grum
 11438 | D:10     | Killed Grum
 11453 | D:10     | Gained mutation: You cannot study or use magical devices.
                  | [Ru sacrifice]
 11453 | D:10     | Reached ** piety under Ru
 11453 | D:10     | Reached *** piety under Ru
 11749 | D:10     | Found Ruzeofeh's Weapon Boutique.
 11820 | D:10     | Reached skill level 10 in Fighting
 11892 | D:10     | Reached skill level 1 in Necromancy
 12008 | D:10     | Found Faciwk's Distillery.
 12061 | D:10     | Bought a potion of curing for 42 gold pieces
 12212 | D:10     | Reached skill level 5 in Necromancy
 12247 | D:10     | Found Ideef's General Store.
 12253 | D:10     | Bought a scroll of teleportation for 39 gold pieces
 12674 | Lair:1   | Entered Level 1 of the Lair of Beasts
 12687 | Lair:1   | Reached skill level 1 in Shields
 12784 | Lair:1   | Gained mutation: A meltable shield of frost defends you.
                  | (SH +0) [demonic ancestry]
 12784 | Lair:1   | Reached XP level 11. HP: 90/90 MP: 7/18
 13008 | Lair:1   | Identified the +0 ring mail of the Other Side {Harm Rampage
                  | rC+ rCorr}
 13119 | Lair:1   | Noticed a four-headed hydra
 13121 | Lair:1   | Noticed a four-headed hydra
 13181 | Lair:1   | Killed a four-headed hydra
 13191 | Lair:1   | Killed a four-headed hydra
 13343 | Lair:1   | Reached skill level 5 in Short Blades
 13466 | Lair:1   | Noticed Gastronok
 14388 | Lair:2   | Gained mutation: You cannot be stealthy. [Ru sacrifice]
 14388 | Lair:2   | Reached **** piety under Ru
 14648 | Lair:2   | Gained mutation: You are completely covered in large bone
                  | plates. (SH +8) [demonic ancestry]
 14648 | Lair:2   | Reached XP level 12. HP: 97/97 MP: 17/19
 15347 | Lair:3   | Reached skill level 10 in Short Blades
 15921 | Lair:3   | Noticed a six-headed hydra
 15936 | Lair:3   | Killed a six-headed hydra
 15957 | Lair:3   | Noticed a queen ant
 15971 | Lair:3   | Killed a queen ant
 17352 | Lair:3   | Noticed a death yak
 17353 | Lair:3   | Noticed a death yak
 17353 | Lair:3   | Noticed a death yak
 17354 | Lair:3   | Noticed a death yak
 17409 | Lair:2   | Killed a death yak
 17410 | Lair:2   | Reached XP level 13. HP: 69/103 MP: 0/24
 17723 | Lair:3   | Reached skill level 10 in Ice Magic
 18075 | Lair:4   | Found a dark tunnel.
 18894 | Lair:4   | Found a staircase to the Snake Pit.
 19769 | Lair:4   | Found a staircase to the Swamp.
 21164 | Lair:5   | Reached XP level 14. HP: 95/110 MP: 12/27
 21366 | Lair:5   | Reached skill level 10 in Spellcasting
 21794 | Lair:5   | Identified the +1 scale mail of the Cricket {Str+2}
 22191 | Orc:1    | Entered Level 1 of the Orcish Mines
 22191 | Orc:1    | Noticed Maurice
 22195 | Orc:1    | Killed Maurice
 22844 | Orc:2    | Entered Level 2 of the Orcish Mines
 22844 | Orc:2    | Found a staircase to the Elven Halls.
 23171 | Orc:2    | Found Himaarphi's Antique Weapon Emporium.
 23407 | Orc:2    | Found Wenapt's Assorted Antiques.
 23407 | Orc:2    | Found Fiduem's Book Shop.
 23981 | Orc:2    | Found Gul Ceen's Assorted Antiques.
 23981 | Orc:2    | Found Qiusif's Jewellery Shop.
 24371 | Orc:2    | Noticed an orc warlord
 24474 | Orc:1    | Killed an orc warlord
 24558 | Orc:2    | Reached skill level 10 in Necromancy
 24887 | Orc:2    | Bought a ring of willpower for 275 gold pieces
 25833 | D:11     | Noticed Fannar
 25842 | D:11     | Killed Fannar
 25958 | D:11     | Noticed Nergalle
 25970 | D:11     | Killed Nergalle
 26362 | D:11     | Found a shimmering blue altar of Sif Muna.
 26673 | D:11     | Identified the +1 ring mail of Eternal Night {Harm rElec
                  | rCorr Dex-4}
 26837 | D:11     | Gained mutation: You are hated by all. [Ru sacrifice]
 26837 | D:11     | Reached ***** piety under Ru
 27425 | D:11     | Noticed a frost giant
 28326 | D:12     | Learned a level 7 spell: Orb of Destruction
 28344 | D:12     | Noticed Snorg
 28356 | D:12     | Killed Snorg
 28357 | D:12     | Gained mutation: A meltable icy envelope protects you from
                  | harm. (AC +0) [demonic ancestry]
 28357 | D:12     | Reached XP level 15. HP: 113/115 MP: 23/30
 28651 | D:12     | Found Voang's Book Emporium.
 28698 | D:12     | Reached skill level 1 in Conjurations
 28821 | D:12     | Identified the +3 leather armour of Hizeh {Str+2}
 29861 | D:13     | Found Zelablib's Jewellery Emporium.
 31164 | D:14     | Reached skill level 5 in Conjurations
 31741 | D:15     | Entered Level 15 of the Dungeon
 31815 | D:15     | Found a frozen archway.
 33078 | D:15     | HP: 5/115 [something (3)]
 33079 | D:15     | Reached skill level 10 in Conjurations
 33081 | D:15     | Killed from afar by an ogre mage

Illustrated notes

Levels and vault maps discovered:
D:1:      dpeg_arrival_boxorama, layout_loops_cross, serial_shops, shop
D:2:      cheibrodos_helix_gallery, layout_loops_corners, marbit_many_paths,
          lemuel_tele_altar
D:3:      layout_loops_ring, uniq_crazy_yiuf_cottage
D:4:      layout_gridville, serial_bayou, serial_bayou_shore_a,
          serial_bayou_pond_a, serial_bayou_pond_a, serial_bayou_lagoon_b,
          uniq_blork_the_orc
D:5:      layout_basic, tso_metal_star, kennysheep_mini_moat
D:6:      layout_loops_corners, okawaru_gym_becter, minmay_temple_entry_waves
D:7:      layout_rooms, old_standard_altar, zin_academy,
          nicolae_overflow_crystal_walls, gammafunk_ghost_hive, basic_altar,
          trog_hazing_becter
D:8:      layout_loops_cross, serial_shops, nicolae_shop_crystal,
          serial_bayou_crossing
D:9:      layout_grid_maze, bloody_makhleb, minitemple, hiddenorc2_lemuel,
          kennysheep_cluttered_room, minmay_curled_crystal, hangedman_misty_isle
D:10:     layout_loops_ring, david_lair_shrubbed, serial_shops, shop, shop,
          nicolae_shop_window_shopping, shop, uniq_grum
D:11:     minmay_chopped_fan, layout_loops_corners, basic_altar, uniq_nergalle,
          uniq_fannar
D:12:     layout_cave_pods, serial_shops, shop_coins, uniq_snorg
D:13:     layout_layer_cave, serial_shops,
          nicolae_shop_temple_entry_statues_fountains
D:14:     layout_layer_cave, grunt_vaults_entry_fortified,
          infiniplex_staircase_pillars_3a
D:15:     hangedman_depths_entry_civil_slaughter, layout_layer_cave,
          portal_ice_cave_entry_pillars_2, hangedman_abyss_or_decor_lesser_grid,
          chequers_big_river
Lair:1:   layout_concentric_octagons, uniq_gastronok
Lair:2:   layout_concentric_octagons, beast_lair_carwin_2
Lair:3:   regret_index_tunnel_blossom, layout_layer_cave, minmay_another_anthill
Lair:4:   beast_lair_carwin_large_4, layout_hall_layers,
          palyth_hydra_swamp_entry, guppyfry_snake_entry_garden,
          nicolae_volcano_entry_vermiform, grunt_forest_large_clearing_hut
Lair:5:   cheibrodos_lair_overgrown_chateau, layout_regular_city, st_stairs_11
Orc:1:    minmay_goldmine, layout_diamond_mine, nicolae_orc_rich_vein,
          uniq_maurice
Orc:2:    st_orc_town, layout_diamond_mine, serial_shops, nicolae_shop_stone,
          nicolae_orc_damp_corner

Skill      XL: |  1  2  3  4  5  6  7  8  9 10 11 12 13 14 15 |
---------------+----------------------------------------------+-----
Ice Magic      | 4 5 6 7 8 9 11 12 | 12.0
Spellcasting   | 3 4 5 7 9 11 12 | 12.0
Fighting       | 1 4 7 10 | 10.0
Dodging        | 2 5 7 8 |  8.0
Necromancy     | 5 6 8 11 12 | 12.0
Shields        | 1 4 |  4.0
Short Blades   | 8 10 | 10.0
Stealth        | 0 |  0.0
Conjurations   | 10 | 10.1

Action                   |  1- 3 |  4- 6 |  7- 9 | 10-12 | 13-15 || total
-------------------------+-------+-------+-------+-------+-------++-------
Melee: Spear             |    13 |       |       |       |       ||    13
       Dagger            |    27 |    35 |   175 |   298 |   677 ||  1212
       Kick              |       |     5 |    24 |       |       ||    29
 Cast: Freeze            |    51 |    51 |   212 |   422 |   862 ||  1598
       Frozen Ramparts   |       |     3 |    19 |    26 |    54 ||   102
       Ozocubu's Armour  |       |       |       |       |     4 ||     4
Invok: Sacrifice Drink   |       |     1 |       |       |       ||     1
       Reject Sacrifices |       |       |     1 |       |     2 ||     3
       Sacrifice Artific |       |       |       |     1 |       ||     1
       Sacrifice Stealth |       |       |       |     1 |       ||     1
       Sacrifice Love    |       |       |       |       |     1 ||     1
  Use: Potion            |       |       |       |     1 |       ||     1
       Scroll            |       |       |       |       |    34 ||    34
 Stab: Sleeping          |     6 |     2 |     2 |       |       ||    10
       Paralysed         |     8 |    19 |    95 |   173 |   262 ||   557
       Distracted        |       |       |     2 |     2 |     3 ||     7
       Invisible         |       |       |       |       |     4 ||     4
Armor: Robe              |    12 |     7 |     2 |       |   119 ||   140
       Ring mail         |       |       |    38 |       |       ||    38
       Skin              |       |       |     2 |       |       ||     2
       Steam dragon scal |       |       |       |    86 |   112 ||   198
Dodge: Dodged            |    24 |    21 |    86 |   159 |   348 ||   638
Block: Other             |       |     8 |    45 |    29 |       ||    82
       Buckler           |       |       |       |   189 |   698 ||   887

Table legend: (Time is in decaauts)
 A = Elapsed time spent in this place.
 B = Non-inter-level travel time spent in this place.
 C = Inter-level travel time spent in this place.
 D = Time resting spent in this place.
 E = Time spent auto-exploring this place.
 F = Levels seen in this place.
 G = Mean time per level.
                   A        B        C        D        E       F      G
               +--------+--------+--------+--------+--------+-----+--------+
         Total |  32751 |  31448 |   1303 |   3289 |  22255 |  22 | 1488.7 |
       Dungeon |  20170 |  19380 |    790 |   1853 |  14058 |  15 | 1344.7 |
          Lair |   9302 |   8941 |    361 |   1103 |   6087 |   5 | 1860.4 |
  Orcish Mines |   3278 |   3126 |    152 |    333 |   2110 |   2 | 1639.0 |
               +--------+--------+--------+--------+--------+-----+--------+

Top non-repeatable levels by time:
     D:9: 2494 daAuts
  Lair:3: 2399 daAuts
  Lair:4: 2200 daAuts
    D:11: 2094 daAuts
   Orc:2: 1866 daAuts
  Lair:5: 1766 daAuts
    D:10: 1753 daAuts
  Lair:2: 1569 daAuts
    D:13: 1545 daAuts
   Orc:1: 1411 daAuts
  Lair:1: 1367 daAuts
     D:4: 1346 daAuts
    D:14: 1345 daAuts
     D:3: 1271 daAuts
     D:5: 1237 daAuts
